 Dungeon Crawl Stone Soup version 0.28-a0-1567-g1695149f81 (webtiles) character file.

Game seed: 6597369225113759785

102 Pin the Chopper (level 4, -1/40 HPs)
             Began as a Hill Orc Monk on Jan 20, 2022.
             Was a Believer of Beogh.
             Succumbed to Crazy Yiuf's poison
             ... on level 3 of the Dungeon.
             The game lasted 00:06:16 (2413 turns).

Pin the Chopper (Hill Orc Monk)                     Turns: 2413, Time: 00:06:17

Health: -1/40      AC: 12    Str: 15    XL:     4   Next: 77%
Magic:  14/14      EV:  5    Int: 16    God:    Beogh [**....]
Gold:   132        SH:  0    Dex: 13    Spells: 3/3 levels left

rFire   . . .      SeeInvis +   a - +0 hand axe
rCold   . . .      Faith    .   (no shield)
rNeg    . . .      Spirit   .   m - +0 plate armour
rPois   .          Reflect  .   (no helmet)
rElec   .          Harm     .   b - +0 cloak
rCorr   .          Rampage  .   (no gloves)
Will    .....                   (no boots)
Stlth   ..........              (no amulet)
HPRegen 0.13/turn               f - ring of see invisible
MPRegen 0.14/turn               k - ring of Okuog {+Blink MP+9 Int+6}

@: lethally poisoned (-1 -> -12)
A: no striking features
a: Renounce Religion, Evoke Blink, Smiting


You were on level 3 of the Dungeon.
You worshipped Beogh.
Beogh was pleased with you.
You visited 1 branch of the dungeon, and saw 3 of its levels.

You collected 132 gold pieces.

Inventory:

Hand Weapons
 a - a +0 hand axe (weapon)
Missiles
 j - 2 curare-tipped darts (quivered)
Armour
 b - a +0 cloak (worn)
 m - a +0 plate armour (worn)
Jewellery
 f - a ring of see invisible (left hand)
 k - the ring of Okuog (right hand) {+Blink MP+9 Int+6}
   (You found it on level 3 of the Dungeon)

   [ring of intelligence]

   Int:       It affects your intelligence (+6).
   MP:        It affects your magic capacity (+9).
   +Blink:    It lets you blink.
Scrolls
 d - a scroll of vulnerability {unknown}
 e - a scroll of enchant armour {unknown}
 g - 2 scrolls of identify {unknown}
 h - a scroll of blinking {unknown}
 i - a scroll of magic mapping {unknown}
 l - a scroll of noise {unknown}
Potions
 c - a potion of heal wounds {unknown}


   Skills:
 - Level 3.9 Fighting
 - Level 4.3 Axes
 - Level 3.5 Armour
 - Level 2.4 Dodging
 - Level 1.5 Stealth
 + Level 2.3 Invocations


You had 3 spell levels left.
You didn't know any spells.
Your spell library contained the following spells:

 Spells                   Type           Power      Damage    Failure   Level
 Ensorcelled Hibernation  Hex/Ice        0%         N/A       100%        2
 Spider Form              Tmut/Pois      0%         N/A       100%        3
 Anguish                  Hex/Necr       0%         N/A       100%        4


Dungeon Overview and Level Annotations

Branches:
Dungeon (3/15)

Altars:
Elyvilon

Annotations:
D:3 Crazy Yiuf


Message History

No target in view!
h - a scroll labelled QOEHEG UXZICI You open the door.
There is an open door here.
There is an open door here.
Found a stone staircase leading down.
Found a mace.
Found a runed translucent door.
Crazy Yiuf shouts!
You open the door. You hit Crazy Yiuf.
Crazy Yiuf is moderately wounded.
Crazy Yiuf hits you with a +2 quarterstaff of chaos!
Crazy Yiuf freezes you.
You hit Crazy Yiuf. Your punch misses Crazy Yiuf.
Crazy Yiuf is heavily wounded.
Crazy Yiuf laughs, "Line!
Powder arm ena."
Crazy Yiuf hits you with a +2 quarterstaff of chaos!
Crazy Yiuf draws strength from your wounds!
You hit Crazy Yiuf.
Crazy Yiuf is heavily wounded.
Crazy Yiuf hits you with a +2 quarterstaff of chaos!
You resist with some effort.
You hit Crazy Yiuf but do no damage.
Crazy Yiuf is heavily wounded.
Crazy Yiuf screams, "Dawk!"
Crazy Yiuf barely misses you.
You hit Crazy Yiuf.
Crazy Yiuf is heavily wounded.
Crazy Yiuf hits you with a +2 quarterstaff of chaos.
* * * LOW HITPOINT WARNING * * *
Crazy Yiuf burns you.
* * * LOW HITPOINT WARNING * * *
You hit Crazy Yiuf.
Crazy Yiuf is severely wounded.
Crazy Yiuf hits you with a +2 quarterstaff of chaos!
* * * LOW HITPOINT WARNING * * *
You are lethally poisoned!
You closely miss Crazy Yiuf.
Crazy Yiuf is severely wounded.
You die...

############
...........#
############ #
##### # #..)# #
####### #...#
######.....# ...
......>....# #g#
...........# ##@#
.....#.#...# #.##
.....#.#.#.# ##.#
....<......# #.##
.##.......##
##.##
...........#
#..P##
###.......##
#.PP.# ##.......#
##..##
#######.###....##


You could see Crazy Yiuf.

Vanquished Creatures
  Natasha (D:3)
  A gnoll (D:1)
  An adder (D:3)
  4 orcs (D:3)
  5 bats
  3 endoplasms
  2 giant cockroaches (D:1)
  4 goblins (D:1)
  7 hobgoblins
  4 jackals (D:3)
  2 quokkas
  4 ball pythons
  5 frilled lizards
  4 kobolds
  4 rats
51 creatures vanquished.

Vanquished Creatures (others)
  An orc priest (D:3)
1 creature vanquished.

Grand Total: 52 creatures vanquished

Notes
Turn   | Place    | Note
-------+----------+-------------------------------------------
     0 | D:1      | Pin the Hill Orc Monk began the quest for the Orb.
     0 | D:1      | Reached XP level 1. HP: 19/19 MP: 1/1
   103 | D:1      | Reached skill level 1 in Armour
   127 | D:1      | Found a faded altar of an unknown god.
   127 | D:1      | Noticed a golden eye
   134 | D:1      | Reached XP level 2. HP: 15/26 MP: 2/2
   420 | D:1      | Noticed a golden eye
   420 | D:1      | Noticed a shining eye
   420 | D:1      | Noticed a shining eye
   881 | D:1      | Reached XP level 3. HP: 30/31 MP: 3/3
  1735 | D:2      | Found a white marble altar of Elyvilon.
  1776 | D:2      | You fall into a shaft and drop 1 floor!
  1837 | D:3      | Reached XP level 4. HP: 39/40 MP: 4/4
  1843 | D:3      | Became a worshipper of Beogh the Brigand
  1843 | D:3      | Reached * piety under Beogh
  1843 | D:3      | Reached ** piety under Beogh
  1887 | D:3      | Identified the ring of Okuog {+Blink MP+9 Int+6}
  2081 | D:3      | Noticed Natasha
  2089 | D:3      | Killed Natasha
  2402 | D:3      | Found a runed translucent door.
  2403 | D:3      | Noticed Crazy Yiuf
  2412 | D:3      | HP: 2/40 [Crazy Yiuf (7)]
  2413 | D:3      | Succumbed to Crazy Yiuf's poison

Illustrated notes

Levels and vault maps discovered:
D:1:      minmay_arrival_doors, layout_basic,
          hellmonk_ecumenical_altar_watching_god, minmay_tromino_v4_a
D:2:      cheibrodos_old_hovel, layout_basic, basic_altar,
          hangedman_decor_clover_reticule, amcnicky_mini_corridor_feature,
          minmay_misc_feat_nine_boxes
D:3:      minmay_bubble_buster, layout_basic, uniq_natasha,
          uniq_crazy_yiuf_cottage

Skill      XL: |  1  2  3  4 |
---------------+-------------+-----
Armour         | 1 2 3 |  3.5
Invocations    | 2 |  2.3
Fighting       | |  3.9
Axes           | |  4.3
Dodging        | |  2.4
Stealth        | |  1.5

Action                   |  1- 3 |  4- 6 || total
-------------------------+-------+-------++-------
Melee: Hand axe          |   129 |    49 ||   178
       Punch             |     3 |       ||     3
Invok: Convert to Beogh  |       |     1 ||     1
 Stab: Sleeping          |     6 |       ||     6
Armor: Robe              |     7 |       ||     7
       Ring mail         |    35 |     2 ||    37
       Plate armour      |       |    20 ||    20
Dodge: Dodged            |    78 |     9 ||    87

Table legend: (Time is in decaauts)
 A = Elapsed time spent in this place.
 B = Non-inter-level travel time spent in this place.
 C = Inter-level travel time spent in this place.
 D = Time resting spent in this place.
 E = Time spent auto-exploring this place.
 F = Levels seen in this place.
 G = Mean time per level.
                   A        B        C        D        E       F      G
               +--------+--------+--------+--------+--------+-----+--------+
         Total |   2437 |   2426 |     11 |    153 |   1783 |   3 |  812.3 |
       Dungeon |   2437 |   2426 |     11 |    153 |   1783 |   3 |  812.3 |
               +--------+--------+--------+--------+--------+-----+--------+

Top non-repeatable levels by time:
     D:1: 1379 daAuts
     D:3: 650 daAuts
     D:2: 408 daAuts
